 Dungeon Crawl Stone Soup version 0.28-a0-476-g0f06bd746f (webtiles) character file.

Game seed: 11577119824001987002

121 pmoppi the Digger (level 5, 0/30 HPs)
             Began as a Gargoyle Earth Elementalist on Sept 4, 2021.
             Slain by Ijyb (2 damage)
             ... on level 4 of the Dungeon on Sept 16, 2021.
             The game lasted 00:05:34 (2903 turns).

pmoppi the Digger (Gargoyle Earth Elementalist)     Turns: 2903, Time: 00:05:35

Health: 0/30       AC: 10    Str: 11    XL:     5   Next: 5%
Magic:  6/9        EV: 10    Int: 17    God:
Gold:   90         SH:  0    Dex: 10    Spells: 5/9 levels left

rFire   . . .      SeeInvis .   f - +1 long sword (holy)
rCold   . . .      Faith    .   (no shield)
rNeg    + . .      Spirit   .   i - +0 ring mail
rPois   ∞          Reflect  .   (no helmet)
rElec   +          Harm     .   (no cloak)
rCorr   .          Rampage  .   h - +0 pair of gloves
Will    .....                   (no boots)
Stlth   +.........              (no amulet)
HPRegen 0.10/turn               (no ring)
MPRegen 0.11/turn               (no ring)

@: no status effects
A: sickness immunity, AC +4, negative energy resistance 1, electricity
resistance, torment resistance 1, petrification resistance
a: no special abilities


You were on level 4 of the Dungeon.
You visited 1 branch of the dungeon, and saw 4 of its levels.

You collected 90 gold pieces.

Inventory:

Hand Weapons
 d - a +0 dagger
 f - a +1 long sword of holy wrath (weapon)
Missiles
 c - 83 stones
Armour
 b - a +0 robe
 h - a +0 pair of gloves (worn)
 i - a +0 ring mail (worn)
Scrolls
 e - 2 scrolls of identify {unknown}
 g - 2 scrolls of magic mapping {unknown}
Potions
 a - 2 potions of heal wounds {unknown}
 j - a potion of attraction {unknown}
 k - 2 potions of curing {unknown}


   Skills:
 + Level 2.1 Fighting
 - Level 1.5 Dodging
 - Level 2.1 Stealth
 + Level 2.8 Spellcasting
 + Level 0.4 Conjurations
 + Level 1.9 Transmutations
 + Level 4.5 Earth Magic


You had 5 spell levels left.
You knew the following spells:

 Your Spells              Type           Power      Damage    Failure   Level
a - Sandblast             Erth           34%        2d9       7%          1
b - Stone Arrow           Conj/Erth      20%        3d8       43%         3

Your spell library contained the following spells:

 Spells                   Type           Power      Damage    Failure   Level
 Passwall                 Tmut/Erth      10%        N/A       17%         2
 Petrify                  Tmut/Erth      13%        N/A       75%         4
 Animate Dead             Necr           1%         N/A       99%         4
 Freezing Cloud           Conj/Ice/Air   1%         6-21      100%        5
 Death's Door             Necr           1%         N/A       100%        9
 Sublimation of Blood     Necr           Unusable   N/A       N/A         2

Dungeon Overview and Level Annotations

Branches:
Dungeon (3/15)

Altars:

Shops:
D:1 =   D:2 [

Annotations:
D:4 Ijyb


Innate Abilities, Weirdness & Mutations

You are immune to sickness and miasma.
Your stone body is resilient. (AC +4)
You are immune to poison.
You resist negative energy. (rN+)
You are resistant to electric shocks. (rElec)
You are resistant to unholy torment.
You are immune to petrification.


Message History

The endoplasm closely misses you. Ijyb barely misses you.
The endoplasm misses you.
You hit Ijyb but do no damage.
Ijyb is moderately wounded.
Ijyb hits you with a +0 dagger. The endoplasm closely misses you.
Ijyb hits you but does no damage.
You hit Ijyb.
Ijyb is heavily wounded.
The endoplasm hits you but does no damage.
Ijyb zaps a wand.
You suddenly lose the ability to move!
The endoplasm freezes you.
You are frozen.
Ijyb barely misses you. The endoplasm freezes you.
You are frozen.
Ijyb zaps a wand.
You resist with some effort.
The now-empty wand crumbles to dust.
The endoplasm freezes you.
You are frozen.
* * * LOW HITPOINT WARNING * * *
Ijyb hits you but does no damage.
You can move again.
You barely miss Ijyb.
Ijyb is heavily wounded.
The endoplasm hits you but does no damage.
Ijyb hits you with a +0 dagger.
* * * LOW HITPOINT WARNING * * *
The endoplasm freezes you.
You are frozen.
* * * LOW HITPOINT WARNING * * *
You hit Ijyb.
Ijyb is heavily wounded.
Ijyb hits you but does no damage. The endoplasm closely misses you.
Ijyb hits you but does no damage.
Unknown command.
You slash Ijyb!
Ijyb is severely wounded.
The endoplasm freezes you.
You are frozen.
* * * LOW HITPOINT WARNING * * *
Ijyb hits you with a +0 dagger.
You die...

.........#
###.........#
............#
..........÷.#
...........##
............##
.............#
.##....J.....#
......g@.....#
............(#
.............#
..........####
.....######
#..## #.# #.


You could see Ijyb and an endoplasm.

Vanquished Creatures
  An orc priest (D:2)
  An iguana (D:4)
  2 adders
  A dart slug (D:2)
  2 orcs (D:2)
  4 ball pythons (D:1)
  2 bats
  3 endoplasms (D:1)
  4 giant cockroaches
  6 goblins
  3 hobgoblins (D:1)
  2 quokkas
  A frilled lizard (D:2)
  6 kobolds
  A rat (D:3)
39 creatures vanquished.

Notes
Turn   | Place    | Note
-------+----------+-------------------------------------------
     0 | D:1      | pmoppi the Gargoyle Earth Elementalist began the quest for
                  | the Orb.
     0 | D:1      | Reached XP level 1. HP: 10/10 MP: 3/3
    19 | D:1      | Found Odoucio's Jewellery Emporium.
    27 | D:1      | Upgraded the game from 0.28-a0-401-ge240ad9e29 to
                  | 0.28-a0-476-g0f06bd746f
   449 | D:1      | Reached skill level 1 in Transmutations
   479 | D:1      | Reached XP level 2. HP: 16/16 MP: 3/5
   654 | D:1      | Reached skill level 1 in Fighting
   927 | D:1      | Reached skill level 4 in Earth Magic
  1063 | D:1      | Reached XP level 3. HP: 11/20 MP: 4/6
  1443 | D:1      | Learned a level 3 spell: Stone Arrow
  1682 | D:2      | Found Xinacs's Armour Shoppe.
  1723 | D:2      | Got the Grimoire of Glacial Evil
  2209 | D:2      | Reached XP level 4. HP: 24/26 MP: 1/7
  2605 | D:3      | You fall into a shaft and drop 1 floor!
  2615 | D:4      | Reached XP level 5. HP: 8/30 MP: 2/9
  2878 | D:4      | Noticed Ijyb
  2878 | D:4      | Paralysed by Ijyb for 6 turns
  2889 | D:4      | Paralysed by Ijyb for 3 turns
  2897 | D:4      | Paralysed by Ijyb for 4 turns
  2903 | D:4      | Slain by Ijyb

Illustrated notes

Levels and vault maps discovered:
D:1:      ncdulo_smallfort, layout_loops_cross, serial_shops,
          nicolae_shop_statue_plus, minmay_misc_feat_hallway,
          kennysheep_decorative_pillar
D:2:      layout_basic, serial_shops, shop_fountains
D:3:      layout_basic, lemuel_coloured_pillars_altar
D:4:      layout_rooms, mainiacjoe_overflow_brackets, corexii_leaking_fountain,
          uniq_ijyb

Skill      XL: |  1  2  3  4 |
---------------+-------------+-----
Transmutations | 1 |  1.9
Fighting       | 1 2 |  2.1
Earth Magic    | 4 |  4.5
Dodging        | |  1.5
Stealth        | |  2.1
Spellcasting   | |  2.8
Conjurations   | |  0.4

Action                   |  1- 3 |  4- 6 || total
-------------------------+-------+-------++-------
Melee: Unarmed           |     9 |       ||     9
       Dagger            |     7 |       ||     7
       Long sword        |    23 |    25 ||    48
 Cast: Sandblast         |    36 |    12 ||    48
 Stab: Sleeping          |     4 |       ||     4
Armor: Robe              |     9 |       ||     9
       Ring mail         |    11 |    22 ||    33
Dodge: Dodged            |    45 |    24 ||    69

Table legend: (Time is in decaauts)
 A = Elapsed time spent in this place.
 B = Non-inter-level travel time spent in this place.
 C = Inter-level travel time spent in this place.
 D = Time resting spent in this place.
 E = Time spent auto-exploring this place.
 F = Levels seen in this place.
 G = Mean time per level.
                   A        B        C        D        E       F      G
               +--------+--------+--------+--------+--------+-----+--------+
         Total |   2921 |   2792 |    129 |    777 |   1643 |   4 |  730.2 |
       Dungeon |   2921 |   2792 |    129 |    777 |   1643 |   4 |  730.2 |
               +--------+--------+--------+--------+--------+-----+--------+

Top non-repeatable levels by time:
     D:1: 1509 daAuts
     D:2: 876 daAuts
     D:4: 303 daAuts
     D:3: 232 daAuts
